 Dungeon Crawl Stone Soup version 0.31-a0-1068-g5939ac1fb6 (webtiles) character file.

Game seed: 10853955661109472054

4277 Nedwor the Cleaver (level 10, 0/91 HPs)
             Began as a Minotaur Gladiator on Nov 21, 2023.
             Slain by a gnoll bouda
             ... wielding a +0 trident
              (4 damage)
             ... in a bailey on Nov 25, 2023.
             The game lasted 00:13:08 (7518 turns).

Nedwor the Cleaver (Minotaur Gladiator)             Turns: 7518, Time: 00:13:09

Health: 0/91       AC: 15    Str: 23    XL:     10   Next: 10%
Magic:  9/9        EV: 10    Int:  5    God:
Gold:   342        SH:  0    Dex: 12    Spells: 9/9 levels left

rFire   . . .        h - +3 battleaxe
rCold   . . .        (shield currently unavailable)
rNeg    + . .        B - +1 chain mail {Will+}
rPois   .            c - +0 hat
rElec   .            t - +1 cloak
rCorr   .            j - +0 pair of gloves
SInv    .            (no boots)
Will    +....        (no amulet) Stlth
                     o - ring of positive energy
HPRegen 0.35/turn    (no ring)
MPRegen 0.11/turn

%: no passive effects
@: mighty, hasted, very quick
A: horns 2, retaliatory headbutt
a: no special abilities


You were in a bailey.
You visited 1 branch of the dungeon, and saw 8 of its levels.
You also visited: Ossuary and Bailey.

You collected 342 gold pieces.

Inventory:

Hand Weapons
 h - a +3 battleaxe (weapon)
Missiles
 d - 6 throwing nets (quivered)
Armour
 c - a +0 hat (worn)
 g - the -2 hat of the Alchemist {rElec rPois rF+ rC+ rN+ Will+ rMut rCorr}
   (You acquired it on level 2 of the Dungeon)

   rF+:       It protects you from fire.
   rC+:       It protects you from cold.
   rElec:     It insulates you from electricity.
   rPois:     It protects you from poison rN+: It protects you from negative
   energy.
   Will+:     It increases your willpower.
   rCorr:     It protects you from acid and corrosion.
   rMut:      It protects you from mutation.
 j - a +0 pair of gloves (worn)
 t - a +1 cloak (worn)
 B - a +1 chain mail of willpower (worn)
Jewellery
 l - a +6 ring of intelligence
 o - a ring of positive energy (left hand)
Wands
 a - a wand of charming (5)
Scrolls
 k - 2 scrolls of blinking
 r - 2 scrolls of fog
 w - a scroll of teleportation
Potions
 b - 5 potions of might
 i - 2 potions of brilliance
 m - a potion of haste
 q - 3 potions of curing
 u - a potion of mutation
 z - a potion of cancellation {unknown}


   Skills:
 + Level 9.2 Fighting
 * Level 12.8 Axes
 - Level 2.0 Throwing
 + Level 8.1 Armour
 - Level 4.2 Dodging


You had 9 spell levels left.
You didn't know any spells.
Your spell library contained the following spells:

 Spells                   Type           Power      Damage    Failure   Level
 Ozocubu's Armour         Ice            0%         N/A       100%        3
 Metabolic Englaciation   Hex/Ice        0%         N/A       100%        5
 Simulacrum               Ice/Necr       0%         N/A       100%        6


Dungeon Overview and Level Annotations

Branches:
Dungeon (8/15)            Ossuary (visited)          Bailey (1/1)
 Temple: D:4-7         Lair: D:8-11

Altars:
Cheibriados
Kikubaaqudgha
Nemelex Xobeh
The Shining One

Shops:
D:1 =

Annotations:
D:7 Jeremiah


Innate Abilities, Weirdness & Mutations

You have a pair of horns on your head.
You reflexively headbutt those who attack you in melee.


Message History

You hit the gnoll.
The gnoll is heavily wounded.
You slash Grum! The gnoll barely misses you.
Unknown command.
You slash the gnoll!
You kill the gnoll!
You closely miss Grum. The gnoll bouda barely misses you.
Grum hits you with a -2 vampiric halberd!
* * * LOW HITPOINT WARNING * * *
Grum draws strength from your wounds!
The gnoll bouda calls upon its god to heal Grum.
Grum is healed somewhat.
Grum hits you but does no damage.
Things that are here:
a +0 trident; 2 throwing nets; a +0 ring mail Unknown command.
You slash Grum! You headbutt Grum!
Grum is heavily wounded.
The gnoll bouda hits you but does no damage.
Grum hits you with a -2 vampiric halberd!
* * * LOW HITPOINT WARNING * * *
Grum draws strength from your wounds!
You slice Grum!!
Grum is almost dead.
Unknown command.
You slice Grum!!
You kill Grum!
The gnoll bouda is no longer moving quickly.
The gnoll bouda hits you from afar with a +0 trident.
* * * LOW HITPOINT WARNING * * *
The gnoll bouda barely misses you.
Things that are here:
a +0 halberd; a +0 ring mail; a gnoll corpse You closely miss the gnoll bouda.
You closely miss the gnoll bouda.
The gnoll bouda hits you with a +0 trident.
* * * LOW HITPOINT WARNING * * *
You slash the gnoll bouda! Your headbutt misses the gnoll bouda.
The gnoll bouda is heavily wounded.
The gnoll bouda hits you with a +0 trident.
You die...

♣♣♣♣♣♣♣♣♣♣♣ ♣♣♣♣♣♣♣♣
♣♣≈≈≈≈≈≈≈≈≈≈ ≈≈≈≈≈≈♣♣
♣♣≈≈...#############...≈≈♣
♣.≈..###.8.))#...8.##...≈♣
♣♣.≈..# #...@.#......##..≈♣
♣♣..≈..# #..g))†..)....#..≈♣
♣...≈..# #...#####..)..#..≈♣
♣...≈..#.'..##...##..).#..≈♣
♣♣..)≈..######.....###'##..≈♣
♣♣♣...÷.).'...#)).....#..)...≈♣
∩..∩..)...'...'.).8..))).....≈♣
♣♣♣.....).'...#.......#).....≈♣
♣♣...≈..######.....###'##..≈♣


You could see a gnoll bouda.

Vanquished Creatures
  Joseph (D:7)
  A wyvern (D:8)
  Grum (Bailey)
  Duvessa (D:7)
  An ice beast (D:6)
  2 black bears
  5 wolves (Bailey)
  2 phantoms
  A kobold brigand (D:8)
  9 gnoll sergeants
  2 bullfrogs
  3 water moccasin zombies (Ossuary)
  9 wights
  Dowan (D:7)
  4 killer bees (D:8)
  A howler monkey (D:7)
  3 centaur zombies (Ossuary)
  2 bullfrog zombies (Ossuary)
  4 hounds
  A sleepcap (D:5)
  3 orc priests (D:4)
  3 gnoll boudas (Bailey)
  A jelly (D:6)
  Jessica (D:2)
  Terence (D:2)
  7 iguanas
  2 ogre zombies (Ossuary)
  18 gnolls
  9 adders
  A shadow imp (D:7)
  A white imp (D:5)
  2 adder zombies (Ossuary)
  A worm (D:3)
  5 dart slugs
  7 orcs
  4 ball pythons
  4 endoplasms
  5 giant cockroaches
  7 hobgoblins
  3 jackals (D:3)
  6 kobolds
  3 quokkas
  7 bats
  2 frilled lizards
  4 gnoll zombies (Ossuary)
  7 goblins
  2 goblin zombies (Ossuary)
  4 hobgoblin zombies (Ossuary)
  6 orc zombies (Ossuary)
  12 rats
192 creatures vanquished.

Notes
Turn   | Place    | Note
-------+----------+-------------------------------------------
     0 | D:1      | Nedwor the Minotaur Gladiator began the quest for the Orb.
     0 | D:1      | Reached XP level 1. HP: 18/18 MP: 0/0
    79 | D:1      | Reached skill level 4 in Axes
   120 | D:1      | Reached XP level 2. HP: 25/25 MP: 1/1
   263 | D:1      | Found Yfruexzuow's Jewellery Shop.
   730 | D:1      | Reached XP level 3. HP: 31/31 MP: 2/2
  1205 | D:2      | Noticed Jessica
  1214 | D:2      | Noticed Terence
  1218 | D:2      | Killed Jessica
  1219 | D:2      | Reached skill level 5 in Axes
  1219 | D:2      | Reached XP level 4. HP: 30/38 MP: 3/3
  1222 | D:2      | Killed Terence
  1454 | D:2      | Upgraded the game from 0.31-a0-1059-g83d41fd8b6 to
                  | 0.31-a0-1068-g5939ac1fb6
  1457 | D:2      | Identified a scroll of acquirement
  1457 | D:2      | Acquired the -2 hat of the Alchemist {rElec rPois rF+ rC+
                  | rN+ Will+ rMut rCorr}
  1457 | D:2      | Found the -2 hat of the Alchemist {rElec rPois rF+ rC+ rN+
                  | Will+ rMut rCorr}
  1515 | D:2      | Reached XP level 5. HP: 46/46 MP: 4/4
  2265 | D:4      | Reached skill level 6 in Axes
  2265 | D:4      | Reached skill level 1 in Armour
  2454 | D:4      | Reached XP level 6. HP: 53/53 MP: 5/5
  2504 | D:4      | Found a snail-covered altar of Cheibriados.
  2696 | D:5      | Entered Level 5 of the Dungeon
  2724 | D:5      | Reached skill level 7 in Axes
  2832 | D:5      | Reached skill level 5 in Fighting
  2832 | D:5      | Reached XP level 7. HP: 45/61 MP: 6/6
  2916 | D:5      | HP: 3/61 [poisoned by a gnoll]
  3430 | D:5      | Reached skill level 8 in Axes
  4125 | D:6      | Reached XP level 8. HP: 63/70 MP: 7/7
  4135 | D:6      | Reached skill level 9 in Axes
  4220 | D:6      | Found a sand-covered staircase.
  4312 | D:6      | Found a sparkling altar of Nemelex Xobeh.
  4404 | Ossuary  | Entered an ossuary
  4451 | Ossuary  | Reached skill level 5 in Armour
  4555 | Ossuary  | Reached skill level 10 in Axes
  4593 | Ossuary  | Noticed a silent spectre
  5275 | D:6      | Found a glowing golden altar of the Shining One.
  5276 | D:6      | Found an ancient bone altar of Kikubaaqudgha.
  5322 | D:7      | Noticed Joseph
  5902 | D:7      | Killed Joseph
  5903 | D:7      | Reached XP level 9. HP: 77/80 MP: 8/8
  6106 | D:7      | Reached skill level 11 in Axes
  6154 | D:7      | Noticed Duvessa
  6154 | D:7      | Noticed Dowan
  6157 | D:7      | Noticed Jeremiah
  6163 | D:7      | Killed Duvessa
  6165 | D:7      | Killed Dowan
  6643 | D:8      | Found a flagged portal.
  6652 | Bailey   | Entered a bailey
  7001 | Bailey   | Reached skill level 12 in Axes
  7497 | Bailey   | Noticed Grum
  7503 | Bailey   | Reached XP level 10. HP: 81/91 MP: 9/9
  7514 | Bailey   | Killed Grum
  7517 | Bailey   | HP: 3/91 [gnoll bouda/+0 trident (5)]
  7518 | Bailey   | Slain by a gnoll bouda

Illustrated notes

Levels and vault maps discovered:
D:1:      dpeg_arrival_ratfight, layout_loops_ring, serial_shops,
          nicolae_shop_real_fake_doors, serial_bayou_lagoon_a
D:2:      layout_loops_cross, uniq_terence, uniq_jessica
D:3:      layout_basic
D:4:      layout_basic, lemuel_doored_altar
D:5:      layout_loops_ring
D:6:      layout_basic, minitemple, lightli_ossuary_entry_decrepit_ruins,
          minmay_misc_feat_doors
D:7:      layout_cave_pools, mainiacjoe_overflow_alcove_4,
          minmay_temple_entry_gardened_gates, gammafunk_ghost_hive,
          uniq_jeremiah, uniq_duvessa, uniq_menkaure, uniq_joseph
D:8:      layout_basic, mainiacjoe_overflow_brackets, lair_entry_dummy,
          enter_bailey_2, uniq_psyche
Bailey:   bailey_polearm_gnolls_kennysheep, bailey

Skill      XL: |  1  2  3  4  5  6  7  8  9 10 |
---------------+-------------------------------+-----
Axes           | 4 5 6 7 8 10 12 | 12.8
Fighting       | 3 4 5 6 7 9 |  9.2
Dodging        | 4 |  4.2
Armour         | 1 3 4 6 7 8 |  8.1
Throwing       | |  2.0

Action                     |  1- 3 |  4- 6 |  7- 9 | 10-12 || total
---------------------------+-------+-------+-------+-------++-------
  Melee: War axe           |    54 |    93 |   182 |       ||   329
         Headbutt          |     9 |    17 |    47 |     2 ||    75
         Punch             |       |     1 |     2 |       ||     3
         Battleaxe         |       |       |    92 |    12 ||   104
    Use: Scroll            |       |     8 |    12 |       ||    20
         Potion            |       |       |     7 |       ||     7
   Stab: Invisible         |       |       |     2 |       ||     2
 Armour: Leather armour    |    31 |    10 |       |       ||    41
         Scale mail        |       |    59 |   178 |       ||   237
         Chain mail        |       |       |   150 |    20 ||   170
  Dodge: Dodged            |    31 |    51 |   221 |    15 ||   318

Table legend: (Time is in decaauts)
 A = Elapsed time spent in this place.
 B = Non-inter-level travel time spent in this place.
 C = Inter-level travel time spent in this place.
 D = Time resting spent in this place.
 E = Time spent auto-exploring this place.
 F = Levels seen in this place.
 G = Mean time per level.
                   A        B        C        D        E       F      G
               +--------+--------+--------+--------+--------+-----+--------+
         Total |   7594 |   7263 |    331 |   2107 |   4049 |  10 |  759.4 |
       Dungeon |   6145 |   5814 |    331 |   1192 |   3768 |   8 |  768.1 |
       Ossuary |    574 |    574 |      0 |    300 |    117 |   1 |  574.0 |
        Bailey |    874 |    874 |      0 |    615 |    164 |   1 |  874.0 |
               +--------+--------+--------+--------+--------+-----+--------+

Top non-repeatable levels by time:
     D:6: 1614 daAuts
     D:5: 1197 daAuts
     D:1: 1032 daAuts
  Bailey: 874 daAuts
     D:2: 725 daAuts
 Ossuary: 574 daAuts
     D:3: 538 daAuts
     D:8: 484 daAuts
     D:4: 443 daAuts
     D:7: 109 daAuts
